AoeStats
← ICMW-Falco

Arabia

506599879Analyzed
1v1 RM · 18d ago on Sep 14, 2026· 15m 37s· 2 players
Game mode
Random Map
Map size
Tiny (2 player)
Population
200
Speed
Normal
Resources
Standard
Victory
Conquest
Starting age
Dark Age
Ending age
Imperial Age
RankedLock teamsTeams togetherTeam positionsShared explorationLock speedFull tech treeHidden civsTurbo modeCheats
Victory
Defeat
🇩🇪 Magyars · Germany
1373
+18
🇹🇷 Bengalis · Türkiye
1407
-18
matej
6:26 Loom
9:25 Feudal Age
10:47 Double-Bit Axe
14:46 Scale Barding Armor
ICMW-Falco
6:18 Loom
9:13 Feudal Age
9:58 Double-Bit Axe
13:28 Fletching
Connection lost

Rejoining the realm…

Still unreachable

The connection could not be restored.

Session expired

The server has moved on; the page needs a fresh start.